 Dungeon Crawl Stone Soup version 0.24.0-123-gd5b16e6ec5 (webtiles) character file.

Game seed: 12976305182415931272, levelgen mode: deterministic

6894 Napalmbreeze the Shield-Bearer (level 11, 83/83 HPs)
             Began as a Gnoll Wanderer on Jan 23, 2020.
             Was an Elder of Okawaru.
             Quit the game on level 10 of the Dungeon on Jan 26, 2020.
             The game lasted 00:44:48 (12642 turns).

Napalmbreeze the Shield-Bearer (Gnoll Wanderer)    Turns: 12642, Time: 00:44:48

Health: 83/83      AC: 12    Str: 13    XL:     11   Next: 6%
Magic:  20/20      EV: 15    Int: 17    God:    Okawaru [****..]
Gold:   461        SH:  6    Dex: 17    Spells: 10/23 levels left

rFire    + . .     SeeInvis .   V - staff of energy
rCold    . . .     Gourm    .   i - +0 buckler
rNeg     . . .     Faith    +   D - +2 leather armour {rF+}
rPois    +         Spirit   .   (no helmet)
rElec    .         Reflect  .   v - +0 cloak
rCorr    .         Harm     .   (no gloves)
MR       .....                  M - +0 pair of boots
Stlth    +++.......             j - amulet of faith
HPRegen  0.23/turn              L - +4 ring of protection
MPRegen  0.17/turn              N - ring of poison resistance

@: no status effects
A: distributed training, fangs 1, strong nose
a: Heroism, Renounce Religion


You were on level 10 of the Dungeon.
You worshipped Okawaru.
Okawaru was greatly pleased with you.
You were not hungry.

You visited 2 branches of the dungeon, and saw 11 of its levels.
You also visited: Sewer.

You collected 691 gold pieces.
You spent 230 gold pieces at shops.

Inventory:

Hand Weapons
 a - a +1 whip of electrocution
 b - a +0 hand crossbow
 O - the +8 battleaxe of Ugyzio {drain, rPois Dex+5, unknown}
   (You found it on level 8 of the Dungeon)

   A truly terrible weapon, it drains the life of those it strikes.
   It affects your dexterity (+5).
   It protects you from poison.
Missiles
 I - 2 throwing nets (quivered)
 J - 16 bolts
Armour
 i - a +0 buckler (worn)
 v - a +0 cloak (worn)
 D - a +2 leather armour of fire resistance (worn)
 M - a +0 pair of boots (worn)
Magical Staves
 R - an uncursed staff of conjuration
 V - an uncursed staff of energy (weapon)
Jewellery
 d - the ring "Fodurua" {*Corrode rC+ EV+3 Str+2}
   (You bought it in a shop on level 7 of the Dungeon)

   [ring of evasion]

   It affects your evasion (+3).
   It affects your strength (+2).
   It protects you from cold.
   It may corrode you when you take damage.
 j - an amulet of faith (around neck)
 t - a +2 ring of evasion
 B - an uncursed ring of fire
 L - a +4 ring of protection (left hand)
 N - a ring of poison resistance (right hand)
 T - an uncursed ring of protection from magic
 U - an uncursed ring of magical power {unknown}
Wands
 e - a wand of enslavement (6)
 u - a wand of digging (6)
 w - a wand of iceblast (2)
 Q - a wand of paralysis (17)
Scrolls
 m - a scroll of teleportation
 o - 2 scrolls of enchant armour
 p - 2 scrolls of enchant weapon
 s - 2 scrolls of blinking
 x - a scroll of remove curse
 y - a scroll of vulnerability {unknown}
 z - a scroll of fog {unknown}
 F - a scroll of fear {unknown}
 G - 4 scrolls of amnesia
 K - a scroll of acquirement {unknown}
Potions
 c - 4 potions of curing
 g - 2 potions of mutation {unknown}
 h - a potion of invisibility {unknown}
 k - a potion of heal wounds {unknown}
 l - a potion of degeneration {unknown}
 n - 4 potions of agility
 q - 3 potions of flight
 r - 7 potions of magic
 A - 2 potions of might {unknown}
 C - a potion of ambrosia {unknown}
 E - 2 potions of haste {unknown}
 H - a potion of lignification {unknown}
 P - 2 potions of cancellation {unknown}
Comestibles
 f - 14 rations
 S - 3 chunks of flesh


   Skills:
 + Level 6.4 Fighting
 + Level 5.8 Short Blades
 + Level 5.8 Long Blades
 + Level 5.8 Axes
 + Level 5.8 Maces & Flails
 + Level 5.8 Polearms
 + Level 5.8 Staves
 + Level 5.8 Slings
 + Level 5.8 Bows
 + Level 6.4 Crossbows
 + Level 5.8 Throwing
 + Level 6.4 Armour
 + Level 5.8 Dodging
 + Level 5.8 Stealth
 + Level 7.5 Shields
 + Level 5.8 Unarmed Combat
 + Level 6.5 Spellcasting
 + Level 4.8 Conjurations
 + Level 4.8 Hexes
 + Level 7.3 Charms
 + Level 4.8 Summonings
 + Level 4.8 Necromancy
 + Level 4.8 Translocations
 + Level 4.8 Transmutations
 + Level 5.3 Fire Magic
 + Level 4.8 Ice Magic
 + Level 4.8 Air Magic
 + Level 4.8 Earth Magic
 + Level 4.8 Poison Magic
 + Level 6.3 Invocations
 + Level 5.8 Evocations


You had 10 spell levels left.
You knew the following spells:

 Your Spells              Type           Power        Failure   Level  Hunger
a - Infusion              Chrm           ####         1%          1    None
d - Song of Slaying       Chrm           ####....     1%          2    None
f - Petrify               Tmut/Erth      ###.....     21%         4    None
s - Spectral Weapon       Hex/Chrm       ####....     3%          3    None
v - Sting                 Conj/Pois      ###.         1%          1    None
w - Shroud of Golubria    Chrm/Tloc      ####..       1%          2    None

Your spell library contained the following spells:

 Spells                   Type           Power        Failure   Level  Hunger
 Sandblast                Erth           ###...       1%          1    None
 Passwall                 Tmut/Erth      ###.....     3%          2    None
 Regeneration             Chrm/Necr      ####......   3%          3    None
 Spider Form              Tmut/Pois      ###.......   6%          3    None
 Stone Arrow              Conj/Erth      ###...       6%          3    None
 Iskenderun's Battlesphe  Conj/Chrm      ####....     34%         5    None
 Bolt of Magma            Conj/Fire/Erth ###.......   47%         5    None
 Lee's Rapid Deconstruct  Erth           ###.......   50%         5    None
 Venom Bolt               Conj/Pois      ###.......   50%         5    None
 Iron Shot                Conj/Erth      ###.......   97%         6    None
 Orb of Destruction       Conj           ###.......   100%        7    None
 Spellforged Servitor     Conj/Summ      ###.......   100%        7    None


Dungeon Overview and Level Annotations

Branches:
Dungeon (10/15)            Temple (1/1) D:7            Lair (0/6) D:8
  Sewer (visited)
    Orc: D:9-12

Altars:
Ashenzari
Cheibriados
Dithmenos
Elyvilon
Fedhas
Gozag
Hepliaklqana
Kikubaaqudgha
Makhleb
Nemelex Xobeh
Okawaru
Qazlal
Ru
Sif Muna
Trog
Uskayaw
Vehumet
Wu Jian
Xom
Yredelemnul
Zin
The Shining One

Shops:
D:7 *   D:9 ?   D:10 *


Innate Abilities, Weirdness & Mutations

Your experience applies equally to all skills.
You have very sharp teeth.
Your uncanny sense of smell can sniff out nearby items.


Message History

You open the door.
Some of the chunks of flesh in your inventory have rotted away.
Found a quarterstaff.
There is an open door here.
You see here a quarterstaff.
Done exploring.
Done exploring.
HP restored.
There is an escape hatch in the floor here.
You see here a twisted runed staff.
V - a twisted runed staff Your +1 whip of electrocution stops crackling.
V - an uncursed staff of energy (weapon)
Okay, then.
Unknown command.
Saving game... please wait.
Welcome back, Napalmbreeze the Gnoll Wanderer.
Okawaru says: Bring me glory in combat!
Press ? for a list of commands and other information.
Are you sure you want to abandon this character and quit the game? (Confirm with "yes".)

..# #.# #..# #'##### #.# #.##
......# #.# #.# ......# ##.####
####'#### ......#
####.....######........ ......#
##.............#รท.......
......####..##....>####.'........
......'....###.....# ###........
......###### #..@..# #########
..<...# ###.### ####### #..# ..#
#.## #.###### #.# .......# #.#
##.#)### ##.####
.#.#...#######.....#
.#####.............#


There were no monsters in sight!

Vanquished Creatures
  A troll (D:9)
  A queen bee (D:8)
  A hornet (D:10)
  2 hippogriffs
  10 yaks
  Eustachio (D:4)
  2 hungry ghosts
  Menkaure (D:5)
  Purgy (Sewer)
  An ice beast (D:9)
  An orc warrior (D:6)
  2 phantoms (D:10)
  3 sky beasts
  2 ogres
  3 centaurs
  A big kobold (D:7)
  2 bullfrogs (D:9)
  A water moccasin skeleton (D:6)
  2 scorpions
  20 killer bees
  5 wights (D:7)
  3 howler monkeys
  2 bullfrog skeletons
  8 hounds
  A jelly (D:7)
  4 orc priests
  7 orc wizards
  Crazy Yiuf (D:3)
  3 iguanas
  8 worker ants
  A killer bee zombie (D:6)
  2 hound zombies
  2 hound skeletons
  A worker ant zombie (D:6)
  19 adders
  A river rat (D:5)
  A shadow imp (D:10)
  2 oozes
  An adder skeleton (D:8)
  4 worms
  4 leopard geckos
  24 orcs
  2 ball pythons (Sewer)
  9 bats
  6 giant cockroaches
  5 goblins
  11 hobgoblins
  16 kobolds
  3 quokkas
  10 frilled lizards
  A giant cockroach zombie (D:6)
  A jackal skeleton (D:6)
  A jackal zombie (D:5)
  3 quokka skeletons
  A quokka zombie (D:6)
  11 rats
242 creatures vanquished.

Vanquished Creatures (others)
  7 spectral weapons
7 creatures vanquished.

Grand Total: 249 creatures vanquished

Notes
Turn   | Place    | Note
-------+----------+-------------------------------------------
     0 | D:1      | Napalmbreeze the Gnoll Wanderer began the quest for the
                  | Orb.
     0 | D:1      | Napalmbreeze set off with the following items: a +0 dagger,
                  | a potion of curing, a +0 robe, a ration; and the following
                  | spells available to memorise: Infusion, Song of Slaying,
                  | Shroud of Golubria, Sting, Regeneration, Spectral Weapon,
                  | Spider Form
     0 | D:1      | Reached XP level 1. HP: 17/17 MP: 4/4
     2 | D:1      | Learned a level 1 spell: Sting
     4 | D:1      | Learned a level 1 spell: Infusion
   377 | D:1      | Reached XP level 2. HP: 22/23 MP: 2/5
   916 | D:1      | Reached XP level 3. HP: 6/28 MP: 5/7
  1591 | D:2      | Reached skill level 1 in Invocations
  1621 | D:1      | Learned a level 2 spell: Song of Slaying
  2559 | D:2      | Reached skill level 1 in Short Blades
  2559 | D:2      | Reached skill level 1 in Long Blades
  2559 | D:2      | Reached skill level 1 in Axes
  2559 | D:2      | Reached skill level 1 in Maces & Flails
  2559 | D:2      | Reached skill level 1 in Polearms
  2559 | D:2      | Reached skill level 1 in Staves
  2559 | D:2      | Reached skill level 1 in Slings
  2559 | D:2      | Reached skill level 1 in Bows
  2559 | D:2      | Reached skill level 1 in Throwing
  2559 | D:2      | Reached skill level 1 in Dodging
  2559 | D:2      | Reached skill level 1 in Stealth
  2559 | D:2      | Reached skill level 1 in Unarmed Combat
  2559 | D:2      | Reached skill level 1 in Evocations
  2840 | D:2      | Reached XP level 4. HP: 18/34 MP: 3/8
  3225 | D:2      | Found a blossoming altar of Fedhas.
  3551 | D:3      | Reached skill level 1 in Conjurations
  3551 | D:3      | Reached skill level 1 in Hexes
  3551 | D:3      | Reached skill level 1 in Summonings
  3551 | D:3      | Reached skill level 1 in Necromancy
  3551 | D:3      | Reached skill level 1 in Translocations
  3551 | D:3      | Reached skill level 1 in Transmutations
  3551 | D:3      | Reached skill level 1 in Ice Magic
  3551 | D:3      | Reached skill level 1 in Air Magic
  3551 | D:3      | Reached skill level 1 in Earth Magic
  3551 | D:3      | Reached skill level 1 in Poison Magic
  3857 | D:3      | Reached XP level 5. HP: 30/40 MP: 9/9
  4266 | D:3      | Found a runed translucent door.
  4267 | D:3      | Noticed Crazy Yiuf
  4336 | D:3      | Killed Crazy Yiuf
  4447 | D:4      | Noticed Eustachio
  4452 | D:4      | Reached XP level 6. HP: 42/47 MP: 2/10
  4751 | D:4      | Learned a level 3 spell: Spectral Weapon
  4769 | D:4      | Reached skill level 5 in Shields
  4910 | D:4      | Reached XP level 7. HP: 50/52 MP: 5/12
  4969 | D:4      | Found a stormy altar of Qazlal.
  5018 | D:4      | Killed Eustachio
  5188 | D:4      | Found a bloodstained altar of Trog.
  5189 | D:4      | Found a basalt altar of Yredelemnul.
  5246 | D:5      | Entered Level 5 of the Dungeon
  5380 | D:5      | Found a glowing drain.
  5384 | Sewer    | Entered a sewer
  5413 | Sewer    | Noticed Purgy
  5417 | Sewer    | Killed Purgy
  5600 | D:5      | Noticed Menkaure
  5751 | D:5      | Killed Menkaure
  5751 | D:5      | Reached XP level 8. HP: 32/60 MP: 7/14
  7191 | D:6      | Found a shadowy altar of Dithmenos.
  7858 | D:6      | Learned a level 2 spell: Shroud of Golubria
  7891 | D:7      | Reached XP level 9. HP: 64/66 MP: 12/16
  7996 | D:7      | Found Ytiuniut's Assorted Antiques.
  8004 | D:7      | Bought a scorched lead ring for 155 gold pieces
  8005 | D:7      | Identified the ring "Fodurua" {*Corrode rC+ EV+3 Str+2}
                  | (You bought it in a shop on level 7 of the Dungeon)
  8074 | D:7      | Found a staircase to the Ecumenical Temple.
  8084 | Temple   | Entered the Ecumenical Temple
  8305 | Temple   | Became a worshipper of Warmaster Okawaru
  8374 | D:7      | Noticed a six-headed hydra
  8893 | D:7      | Reached skill level 5 in Spellcasting
  8919 | D:7      | Learned a level 4 spell: Petrify
  9072 | D:8      | Noticed a queen bee
  9119 | D:8      | Reached skill level 5 in Fighting
  9119 | D:8      | Reached skill level 5 in Crossbows
  9119 | D:8      | Reached skill level 5 in Armour
  9514 | D:8      | Found a staircase to the Lair.
  9577 | D:8      | Found a white marble altar of Elyvilon.
  9602 | D:8      | Reached * piety under Okawaru
  9606 | D:8      | Reached skill level 5 in Invocations
  9884 | D:7      | Reached XP level 10. HP: 44/74 MP: 11/18
 10041 | D:7      | Reached ** piety under Okawaru
 10403 | D:8      | Reached skill level 5 in Short Blades
 10403 | D:8      | Reached skill level 5 in Long Blades
 10403 | D:8      | Reached skill level 5 in Axes
 10403 | D:8      | Reached skill level 5 in Maces & Flails
 10403 | D:8      | Reached skill level 5 in Polearms
 10403 | D:8      | Reached skill level 5 in Staves
 10403 | D:8      | Reached skill level 5 in Slings
 10403 | D:8      | Reached skill level 5 in Bows
 10403 | D:8      | Reached skill level 5 in Throwing
 10403 | D:8      | Reached skill level 5 in Dodging
 10403 | D:8      | Reached skill level 5 in Stealth
 10403 | D:8      | Reached skill level 5 in Unarmed Combat
 10403 | D:8      | Reached skill level 5 in Evocations
 10981 | D:8      | Got a twisted battleaxe
 11041 | D:9      | Reached *** piety under Okawaru
 11133 | D:9      | Reached skill level 5 in Fire Magic
 11835 | D:9      | Found Veteoli's Magic Scroll Emporium.
 11838 | D:9      | Bought a scroll of enchant armour for 75 gold pieces
 11872 | D:9      | Reached **** piety under Okawaru
 12061 | D:10     | Entered Level 10 of the Dungeon
 12123 | D:10     | Noticed a fire dragon
 12126 | D:10     | Noticed a seven-headed hydra
 12157 | D:10     | Noticed a two-headed ogre
 12334 | D:10     | Reached XP level 11. HP: 82/82 MP: 12/20
 12482 | D:10     | Received a gift from Okawaru
 12509 | D:10     | Found Gicw's General Store.
 12642 | D:10     | Quit the game

Levels and vault maps discovered:
D:1:      minmay_arrival_three_doors, layout_loops_corners
D:2:      layout_rooms, marbit_many_paths, first_ration, minmay_split_cup_large
D:3:      minmay_general_purpose_star, layout_rooms, uniq_crazy_yiuf_cottage
D:4:      layout_cave_pools, gammafunk_temple_overflow_forgotten, uniq_eustachio
D:5:      layout_basic, gup_sewer_entry_spiral, hangedman_decor_diamond_cutter,
          patterned_corridor, uniq_menkaure
D:6:      layout_gridville, serial_undead, serial_undead_c, serial_undead_a,
          serial_undead_a, serial_undead_b, grunt_dithmenos_smoke
D:7:      layout_rooms, minmay_temple_entry_mist, serial_shops,
          nicolae_shop_trees, st_stairs_1
D:8:      corexii_shack_village, layout_rooms, lair_entry_dummy, david_nohive_1,
          elyvilon_altar_5
D:9:      layout_roguey, serial_shops, kennysheep_mini
D:10:     layout_roguey, serial_shops, shop, onia_ninara_dug_in_and_dangerous
Temple:   dpeg_five_rooms_temple

Skill      XL: |  1  2  3  4  5  6  7  8  9 10 |
---------------+-------------------------------+-----
Fire Magic     | 2 3 4 5 |  5.3
Invocations    | 1 2 3 4 5 6 |  6.3
Short Blades   | 1 2 3 4 5 |  5.8
Long Blades    | 1 2 3 4 5 |  5.8
Axes           | 1 2 3 4 5 |  5.8
Maces & Flails | 1 2 3 4 5 |  5.8
Polearms       | 1 2 3 4 5 |  5.8
Staves         | 1 2 3 4 5 |  5.8
Slings         | 1 2 3 4 5 |  5.8
Bows           | 1 2 3 4 5 |  5.8
Throwing       | 1 2 3 4 5 |  5.8
Dodging        | 1 2 3 4 5 |  5.8
Stealth        | 1 2 3 4 5 |  5.8
Unarmed Combat | 1 2 3 4 5 |  5.8
Evocations     | 1 2 3 4 5 |  5.8
Spellcasting   | 3 4 5 6 |  6.5
Conjurations   | 1 2 3 4 |  4.8
Hexes          | 1 2 3 4 |  4.8
Summonings     | 1 2 3 4 |  4.8
Necromancy     | 1 2 3 4 |  4.8
Translocations | 1 2 3 4 |  4.8
Transmutations | 1 2 3 4 |  4.8
Ice Magic      | 1 2 3 4 |  4.8
Air Magic      | 1 2 3 4 |  4.8
Earth Magic    | 1 2 3 4 |  4.8
Poison Magic   | 1 2 3 4 |  4.8
Fighting       | 3 4 5 6 |  6.4
Crossbows      | 3 4 5 6 |  6.4
Armour         | 3 4 5 6 |  6.4
Shields        | 5 6 7 |  7.5
Charms         | 6 7 |  7.3

Action                   |  1- 3 |  4- 6 |  7- 9 | 10-12 || total
-------------------------+-------+-------+-------+-------++-------
Melee: Dagger            |   153 |    51 |       |       ||   204
       Bite              |     6 |     7 |    47 |    34 ||    94
       Punch             |     1 |     1 |       |       ||     2
       Whip              |       |    60 |   345 |   249 ||   654
 Fire: Hand crossbow     |       |       |    14 |     3 ||    17
 Cast: Infusion          |    10 |     9 |    12 |     4 ||    35
       Sting             |    25 |    10 |       |     4 ||    39
       Song of Slaying   |     1 |     4 |     7 |     3 ||    15
       Spectral Weapon   |       |     3 |    24 |    21 ||    48
       Shroud of Golubri |       |       |     3 |     2 ||     5
       Petrify           |       |       |     1 |       ||     1
Evoke: Wand              |       |       |     1 |     2 ||     3
  Use: Potion            |     1 |       |     1 |     3 ||     5
       Scroll            |       |     4 |     1 |     4 ||     9
 Stab: Sleeping          |     3 |     3 |     9 |     6 ||    21
       Distracted        |       |       |     2 |     1 ||     3
  Eat: Chunk             |     3 |     7 |     9 |     8 ||    27
       Ration            |     1 |       |     3 |     1 ||     5
Armor: Robe              |    41 |     7 |     2 |       ||    50
       Leather armour    |       |       |    60 |    63 ||   123
Dodge: Dodged            |   136 |    87 |   219 |   191 ||   633
Block: Buckler           |       |    29 |    82 |    63 ||   174
